 Dungeon Crawl Stone Soup version 0.27-a0-1188-g73eefd5def (webtiles) character file.

Game seed: 6033826719387116351

67 leviel the Slasher (level 4, -1/40 HPs)
             Began as a Hill Orc Monk on May 21, 2021.
             Slain by an orc
             ... wielding a +0 falchion
              (3 damage)
             ... on level 3 of the Dungeon.
             The game lasted 00:02:42 (2689 turns).

leviel the Slasher (Hill Orc Monk)                  Turns: 2689, Time: 00:02:42

Health: -1/40      AC:  6    Str: 14    XL:     4   Next: 18%
Magic:  4/4        EV: 10    Int: 10    God:
Gold:   60         SH:  0    Dex: 13    Spells: 3/3 levels left

rFire    . . .     SeeInvis .   a - +0 falchion
rCold    . . .     Faith    .   (no shield)
rNeg     . . .     Spirit   .   e - +0 scale mail
rPois    .         Reflect  .   (no helmet)
rElec    .         Harm     .   (no cloak)
rCorr    .         Rampage  .   (no gloves)
Will     +....                  (no boots)
Stlth    ..........             (no amulet)
HPRegen  0.13/turn              g - ring of willpower
MPRegen  0.09/turn              (no ring)

@: lethally poisoned (-1 -> -11), hasted, very quick
A: no striking features
a: no special abilities


You were on level 3 of the Dungeon.
You visited 1 branch of the dungeon, and saw 3 of its levels.

You collected 60 gold pieces.

Inventory:

Hand Weapons
 a - a +0 falchion (weapon)
Armour
 e - a +0 scale mail (worn)
Jewellery
 g - a ring of willpower (left hand)
Scrolls
 c - 2 scrolls of identify {unknown}
 f - a scroll of vulnerability {unknown}
 h - a scroll of fog {unknown}
 i - a scroll of teleportation {unknown}
 j - a scroll of enchant weapon {unknown}
Potions
 d - a potion of lignification {unknown}


   Skills:
 + Level 4.2 Fighting
 * Level 4.2 Long Blades
 + Level 1.5 Armour
 + Level 2.8 Dodging
 - Level 1.5 Stealth


You had 3 spell levels left.
You didn't know any spells.
Your spell library was empty.

Dungeon Overview and Level Annotations

Branches:
Dungeon (3/15)

Altars:

Shops:
D:2 (


Message History

You closely miss the orc. The orc hits you but does no damage.
You barely miss the orc. The orc hits you but does no damage. x2
You are poisoned.
You closely miss the orc.
You feel sick. The orc hits you with a +0 falchion.
The orc hits you with a +2 mace of venom.
You are more poisoned.
The orc barely misses you.
You hit the orc.
The orc is lightly wounded.
You feel very sick.
The orc hits you with a +2 mace of venom.
You are more poisoned.
The orc misses you.
You hit the orc.
The orc is heavily wounded.
You feel very sick. The orc hits you but does no damage.
You are lethally poisoned!
The orc closely misses you. The kobold closely misses you.
You riposte.
You hit the kobold but do no damage.
Okay, then.
Unknown command.
You closely miss the orc.
The orc is heavily wounded.
* * * LOW HITPOINT WARNING * * *
You feel very sick. The orc misses you. The orc hits you but does no damage.
The kobold barely misses you.
You riposte.
You hit the kobold.
You kill the kobold!
You hit the orc.
You kill the orc!
* * * LOW HITPOINT WARNING * * *
You feel very sick. The orc hits you with a +0 falchion.
* * * LOW HITPOINT WARNING * * *
It was a potion of haste.
You feel yourself speed up.
* * * LOW HITPOINT WARNING * * *
You feel very sick. The orc hits you with a +0 falchion.
You die...

###.####............##
......................
###.#..#............#
....#..#............#
#####..#............#
...)...#............#
#####.##............#
#.#####.....†...# #.#
#.....@$..# #.#
#....))o..# #.#
#............. ...
.....##........ ..
......##........
.......##........
...[...##........
........##########


You could see an orc.

Vanquished Creatures
  2 adders
  A worm (D:2)
  A dart slug (D:2)
  2 orcs (D:3)
  4 bats
  2 endoplasms (D:2)
  2 giant cockroaches (D:1)
  4 goblins
  5 hobgoblins
  4 kobolds
  4 quokkas
  4 ball pythons
  A frilled lizard (D:1)
  6 rats
42 creatures vanquished.

Notes
Turn   | Place    | Note
-------+----------+-------------------------------------------
     0 | D:1      | leviel the Hill Orc Monk began the quest for the Orb.
     0 | D:1      | Reached XP level 1. HP: 19/19 MP: 1/1
    32 | D:1      | Found a faded altar of an unknown god.
   602 | D:1      | Reached XP level 2. HP: 27/27 MP: 2/2
  1289 | D:1      | Reached skill level 1 in Armour
  1422 | D:2      | Reached XP level 3. HP: 33/33 MP: 3/3
  2080 | D:2      | Found Ufyreamisi's Antique Weapon Shop.
  2485 | D:3      | Reached XP level 4. HP: 29/40 MP: 4/4
  2689 | D:3      | HP: 2/40 [poisoned by an orc]
  2689 | D:3      | Slain by an orc

Illustrated notes

Levels and vault maps discovered:
D:1:      wander_arrival_estate, layout_loops_corners,
          hellmonk_ecumenical_altar_crossroads, minmay_tripent
D:2:      layout_loops_corners, serial_shops, nicolae_shop_stone,
          minmay_pentomino_t4
D:3:      layout_basic, ashenzari_conservatory_becter, cheibrodos_worm_habitat,
          cheibrodos_sewer_entry_bend, serial_shops, nicolae_shop_statue_plus,
          columned_hall_lemuel

Skill      XL: |  1  2  3 |
---------------+----------+-----
Armour         | 1 |  1.5
Fighting       | 4 |  4.2
Long Blades    | 4 |  4.2
Dodging        | |  2.8
Stealth        | |  1.5

Action                   |  1- 3 |  4- 6 || total
-------------------------+-------+-------++-------
Melee: Falchion          |   122 |    17 ||   139
  Use: Potion            |       |     1 ||     1
 Stab: Sleeping          |     1 |       ||     1
Armor: Robe              |     9 |       ||     9
       Scale mail        |    50 |     8 ||    58
Dodge: Dodged            |    88 |    13 ||   101
       Rpst.: Falchion   |    33 |     5 ||    38

Table legend: (Time is in decaauts)
 A = Elapsed time spent in this place.
 B = Non-inter-level travel time spent in this place.
 C = Inter-level travel time spent in this place.
 D = Time resting spent in this place.
 E = Time spent auto-exploring this place.
 F = Levels seen in this place.
 G = Mean time per level.
                   A        B        C        D        E       F      G
               +--------+--------+--------+--------+--------+-----+--------+
         Total |   2703 |   2664 |     39 |    521 |   1852 |   3 |  901.0 |
       Dungeon |   2703 |   2664 |     39 |    521 |   1852 |   3 |  901.0 |
               +--------+--------+--------+--------+--------+-----+--------+

Top non-repeatable levels by time:
     D:1: 1327 daAuts
     D:2: 1163 daAuts
     D:3: 212 daAuts
